Construct Infanterie Kompanie
Selects Luftwaffe Battlegroup
Selects Luftwaffe Pioneer Support
Fallschirmpioneer Squad Paradrop
Fallschirmpioneer Squad Paradrop
Fallschirmpioneer Squad Paradrop
Construct Luftwaffe Kompanie
Selects Flak 38 Anti-Air Emplacement
Fallschirmpioneer Squad Paradrop
Fallschirmpioneer Squad Paradrop
Selects Flak 36 Anti-tank Gun Emplacement
Construct Panzergrenadier Kompanie
Nebelwerfer 42 Rocket Launcher Team
Selects Reconnaissance Run
Nebelwerfer 42 Rocket Launcher Team
Fallschirmpioneer Squad Paradrop
Selects Fallschirmjäger Squad Paradrop
Fallschirmjäger Squad Paradrop